 Dungeon Crawl Stone Soup version 0.18.1-50-g88ac8fd (webtiles) character file.

390 Chiseanne the Grasshopper (level 6, 0/45 HPs)
             Began as a Spriggan Warper on Apr 26, 2017.
             Slain by Grinder (2 damage)
             ... on level 4 of the Dungeon.
             The game lasted 00:14:06 (3632 turns).

Chiseanne the Grasshopper (Spriggan Warper)         Turns: 3632, Time: 00:14:06

Health: 0/45       AC: 28    Str: 14    XL:     6   Next: 50%
Magic:  13/13      EV:  4    Int: 14    God:
Gold:   129        SH:  8    Dex: 16    Spells: 4 memorised, 5 levels left

rFire  . . .     SeeInvis +     s - +2 whip (elec)
rCold  . . .     Gourm    .     (armour currently unavailable)
rNeg   + + +     Faith    .     v - +3 buckler
rPois  +         Spirit   .     (helmet currently unavailable)
rElec  .         Dismiss  .     (cloak currently unavailable)
rCorr  .         Reflect  .     (gloves unavailable)
SustAt .         Harm     .     (boots unavailable)
MR     +....     NoTele   +     g - amulet of rage
Stlth  ++++......               (no ring)
                                j - +5 ring of protection

@: mighty, tree-form, somewhat resistant to hostile enchantments, stealthy
A: unfitting armour, see invisible, herbivore 3, (speed 0), slow metabolism 2
a: Evoke Berserk Rage


You were on level 4 of the Dungeon.
You were not hungry.
You were a tree.
You visited 1 branch of the dungeon, and saw 6 of its levels.

You collected 129 gold pieces.

Inventory:

Hand Weapons
 a - a +0 dagger of venom
 m - a +0 dagger of pain
 s - a +2 whip of electrocution (weapon)
 w - a +0 blowgun
Missiles
 h - 30 arrows
 i - 84 stones (quivered)
 k - 8 poisoned needles
Armour
 b - a +1 robe (melded)
 v - a +3 buckler (worn)
Jewellery
 g - an amulet of rage (around neck)
 j - a +5 ring of protection (left branch)
Wands
 e - a wand of polymorph (10/24)
 n - a wand of confusion (17/48)
 t - a wand of confusion (15/48)
Scrolls
 p - a scroll of teleportation
 u - a scroll of fog {unknown}
 x - a scroll of amnesia
Potions
 o - a potion of brilliance
 q - a potion of flight
Books
 c - a book of Spatial Translocations

   Spells                             Type                      Level
   a - Apportation                    Translocation                1
   b - Blink                          Translocation                2
   c - Shroud of Golubria             Charms/Translocation         2
   d - Portal Projectile              Translocation                3
   e - Teleport Other                 Translocation                3
   f - Passage of Golubria            Translocation                4
Comestibles
 f - 4 bread rations
 l - a slice of pizza


   Skills:
 * Level 1.5 Fighting
 - Level 3.4 Short Blades
 - Level 1.0 Throwing
 - Level 5.5 Dodging
 - Level 4.6 Stealth
 * Level 0.1 Shields
 * Level 4.4 Spellcasting
 * Level 6.4 Translocations


You had 5 spell levels left.
You knew the following spells:

 Your Spells              Type           Power        Failure   Level  Hunger
a - Apportation           Tloc           ###.......   1%          1    None
b - Blink                 Tloc           N/A          3%          2    ##.....
c - Shroud of Golubria    Chrm/Tloc      ##........   14%         2    ##.....
d - Teleport Other        Tloc           ###.....     8%          3    ###....


Dungeon Overview and Level Annotations

Branches:
Dungeon (6/15)
 Temple: D:4-7

Altars:

Annotations:
D:3 Terence
D:4 Grinder


Innate Abilities, Weirdness & Mutations

You are tiny and cannot use many weapons and most armour.
You have supernaturally acute eyesight.
You are a herbivore.
((You cover ground extremely quickly.))
You need consume almost no food.


Message History

* * * LOW HITPOINT WARNING * * *
You writhe in agony.
* * * LOW HITPOINT WARNING * * *
Drink which item? (? for menu, Esc to quit)
You turn into a tree.
Your +1 robe melds into your body.
Your roots penetrate the ground.
The shadow imp hits you but does no damage.
Grinder barely misses you.
You closely miss Grinder.
Grinder is heavily wounded.
The shadow imp completely misses you. Grinder hits you.
* * * LOW HITPOINT WARNING * * *
You hit Grinder.
Grinder is heavily wounded.
The shadow imp hits you but does no damage.
Grinder hits you but does no damage.
You barely miss Grinder.
Grinder is heavily wounded.
You block the shadow imp's attack. Grinder hits you.
You die...

..........#..##..#.........
######.#.#..##..#.........
#.#.....#..'.........
#.#####.#.##.........
#.........##.........
#######...##.........
#######.............
#........5..#######
#.......♣...# #......5#####
#.....).# #.......#
#.......# #.......#
#########


You could see Grinder and a shadow imp.

Vanquished Creatures
  A hippogriff (D:6)
  A scorpion (D:3)
  A crimson imp (D:6)
  Natasha (D:2)
  6 adders
  3 gnolls (D:3)
  A howler monkey skeleton (D:4)
  An ooze (D:5)
  An adder skeleton (D:4)
  2 worms
  A giant gecko (D:3)
  5 orcs
  3 giant cockroaches
  4 goblins
  5 hobgoblins
  A jackal (D:3)
  7 kobolds
  2 quokkas
  5 bats
  A giant newt (D:4)
  2 rats
54 creatures vanquished.

Notes
Turn   | Place    | Note
--------------------------------------------------------------
     0 | D:1      | Chiseanne the Spriggan Warper began the quest for the Orb.
     0 | D:1      | Reached XP level 1. HP: 10/10 MP: 5/5
   581 | D:1      | Reached skill level 1 in Stealth
   853 | D:1      | Reached XP level 2. HP: 10/14 MP: 6/6
  2040 | D:2      | Learned a level 2 spell: Blink
  2043 | D:2      | Learned a level 2 spell: Shroud of Golubria
  2289 | D:2      | Reached XP level 3. HP: 18/18 MP: 8/8
  2297 | D:2      | Reached skill level 5 in Translocations
  2406 | D:2      | Noticed Natasha
  2424 | D:2      | Killed Natasha
  2424 | D:2      | Reached XP level 4. HP: 17/22 MP: 8/10
  2833 | D:3      | Learned a level 3 spell: Teleport Other
  2874 | D:3      | Noticed Terence
  2909 | D:3      | Reached XP level 5. HP: 19/25 MP: 11/11
  3052 | D:3      | Reached skill level 6 in Translocations
  3072 | D:3      | Chiseanne: LOL
  3072 | D:3      | LOL!
  3235 | D:4      | You fall through a shaft for 2 floors!
  3256 | D:6      | Noticed a hippogriff
  3283 | D:6      | Killed a hippogriff
  3283 | D:6      | Reached skill level 5 in Dodging
  3283 | D:6      | Reached XP level 6. HP: 12/30 MP: 13/13
  3504 | D:5      | Entered Level 5 of the Dungeon
  3618 | D:5      | Noticed Grinder
  3623 | D:4      | Paralysed by Grinder for 5 turns
  3630 | D:4      | HP: 2/45 [Grinder (5)]
  3632 | D:4      | Slain by Grinder

Skill      XL: |  1  2  3  4  5 |
---------------+----------------+-----
Stealth        | 1 2 3 4 |  4.6
Spellcasting   | 3 4 |  4.4
Translocations | 5 6 |  6.4
Dodging        | 4 5 |  5.5
Short Blades   | 3 |  3.4
Fighting       | |  1.5
Throwing       | |  1.0
Shields        | |  0.1

Action                   |  1- 3 |  4- 6 || total
-------------------------+-------+-------++-------
Melee: Short sword       |    60 |       ||    60
       Dagger            |    53 |   143 ||   196
       Whip              |       |    10 ||    10
 Fire: Blowgun           |       |     7 ||     7
Throw: Tomahawk          |     5 |       ||     5
       Stone             |       |     2 ||     2
Evoke: Wand              |       |     3 ||     3
  Use: Scroll            |     5 |     5 ||    10
       Potion            |       |     2 ||     2
 Stab: Sleeping          |     3 |     2 ||     5
       Distracted        |       |     1 ||     1
  Eat: Fruit             |       |     1 ||     1
Armor: Robe              |    19 |    27 ||    46
       Skin              |       |     3 ||     3
Dodge: Dodged            |   113 |   138 ||   251
Block: Buckler           |       |     3 ||     3
